 Dungeon Crawl Stone Soup version 0.27.1 (webtiles) character file.

Game seed: 10651999523715486030

67 DearestLeader the Grave Robber (level 4, 0/32 HPs)
             Began as a Gnoll Necromancer on Aug 31, 2021.
             Slain by a water moccasin skeleton (5 damage)
             ... on level 2 of the Dungeon.
             The game lasted 00:04:59 (1838 turns).

DearestLeader the Grave Robber (Gnoll Necromancer)  Turns: 1838, Time: 00:05:00

Health: 0/32       AC:  2    Str:  8    XL:     4   Next: 16%
Magic:  11/11      EV: 13    Int: 15    God:
Gold:   156        SH:  0    Dex: 12    Spells: 11/13 levels left

rFire    . . .     SeeInvis .   u - +0 dagger (holy)
rCold    . . .     Faith    .   (no shield)
rNeg     . . .     Spirit   .   a - +0 robe
rPois    .         Reflect  .   (no helmet)
rElec    .         Harm     .   (no cloak)
rCorr    .         Rampage  .   (no gloves)
Will     .....                  (no boots)
Stlth    ++........             (no amulet)
HPRegen  0.10/turn              (no ring)
MPRegen  0.12/turn              (no ring)

@: no status effects
A: fangs 1, strong nose, distributed training
a: no special abilities


You were on level 2 of the Dungeon.
You visited 1 branch of the dungeon, and saw 3 of its levels.

You collected 156 gold pieces.

Inventory:

Hand Weapons
 b - a +4 hunting sling of freezing
 c - a +0 whip
 e - a +2 dagger of venom
 h - a +1 dagger of pain
 u - a +0 dagger of holy wrath (weapon)
Missiles
 d - 20 stones
 t - 26 sling bullets
Armour
 a - a +0 robe (worn)
 f - a +0 buckler
Scrolls
 g - a scroll of blinking {unknown}
 j - 2 scrolls of teleportation
 n - a scroll of fear {unknown}
 q - a scroll of vulnerability {unknown}
 s - a scroll of amnesia {unknown}
Potions
 i - a potion of attraction {unknown}
 k - a potion of ambrosia {unknown}
 l - 2 potions of brilliance {unknown}
 m - a potion of heal wounds {unknown}
 o - a potion of curing {unknown}
 p - a potion of cancellation {unknown}
 r - a potion of might {unknown}


   Skills:
 + Level 1.0 Fighting
 + Level 1.0 Short Blades
 + Level 1.0 Long Blades
 + Level 1.0 Axes
 + Level 1.0 Maces & Flails
 + Level 1.0 Polearms
 + Level 1.0 Staves
 + Level 1.0 Slings
 + Level 1.0 Bows
 + Level 1.0 Crossbows
 + Level 1.0 Throwing
 + Level 1.0 Armour
 + Level 4.6 Dodging
 + Level 4.2 Stealth
 + Level 1.0 Shields
 + Level 1.0 Unarmed Combat
 + Level 5.0 Spellcasting
 + Level 0.8 Conjurations
 + Level 0.8 Hexes
 + Level 0.8 Summonings
 + Level 7.1 Necromancy
 + Level 0.8 Translocations
 + Level 0.8 Transmutations
 + Level 0.8 Fire Magic
 + Level 0.8 Ice Magic
 + Level 0.8 Air Magic
 + Level 0.8 Earth Magic
 + Level 0.8 Poison Magic
 + Level 1.1 Invocations
 + Level 1.0 Evocations


You had 11 spell levels left.
You knew the following spells:

 Your Spells              Type           Power      Damage    Failure   Level
a - Pain                  Necr           100%       1d9       1%          1
b - Animate Skeleton      Necr           50%        N/A       1%          1

Your spell library contained the following spells:

 Spells                   Type           Power      Damage    Failure   Level
 Vampiric Draining        Necr           12%        2d7       2%          3
 Animate Dead             Necr           12%        N/A       9%          4
 Agony                    Necr           25%        N/A       24%         5
 Ignite Poison            Fire/Tmut/Pois 6%         N/A       34%         3
 Mephitic Cloud           Conj/Pois/Air  6%         N/A       34%         3
 Bolt of Magma            Conj/Fire/Erth 3%         4d5       97%         5


Dungeon Overview and Level Annotations

Branches:
Dungeon (3/15)

Altars:
Dithmenos

Annotations:
D:3 Natasha


Innate Abilities, Weirdness & Mutations

You have very sharp teeth.
Your uncanny sense of smell can sniff out nearby items.
Your experience applies equally to all skills.


Message History

a +0 dagger of holy wrath; a goblin corpse
u - a +0 dagger of holy wrath The water moccasin skeleton bites you.
Your +2 dagger of venom stops dripping with poison.
Your +0 dagger of holy wrath softly glows with a divine radiance!
u - a +0 dagger of holy wrath (weapon)
You hit the water moccasin skeleton.
The water moccasin skeleton convulses.
The water moccasin skeleton is moderately damaged.
The water moccasin skeleton completely misses you.
The water moccasin skeleton bites you.
You hit the water moccasin skeleton.
The water moccasin skeleton convulses.
The water moccasin skeleton is moderately damaged.
The water moccasin skeleton barely misses you.
You hit the water moccasin skeleton.
The water moccasin skeleton convulses.
The water moccasin skeleton is heavily damaged.
The water moccasin skeleton bites you.
You hit the water moccasin skeleton.
The water moccasin skeleton convulses.
The water moccasin skeleton is heavily damaged.
The water moccasin skeleton misses you.
You barely miss the water moccasin skeleton.
The water moccasin skeleton is heavily damaged.
The water moccasin skeleton closely misses you.
You hit the water moccasin skeleton.
The water moccasin skeleton convulses.
The water moccasin skeleton is severely damaged.
The water moccasin skeleton misses you.
You barely miss the water moccasin skeleton.
The water moccasin skeleton is severely damaged.
The water moccasin skeleton bites you.
You hit the water moccasin skeleton.
The water moccasin skeleton convulses.
The water moccasin skeleton is severely damaged.
The water moccasin skeleton bites you.
You barely miss the water moccasin skeleton.
The water moccasin skeleton is severely damaged.
The water moccasin skeleton bites you!
* * * LOW HITPOINT WARNING * * *
The water moccasin skeleton barely misses you.
You barely miss the water moccasin skeleton.
The water moccasin skeleton is severely damaged.
The water moccasin skeleton bites you.
You die...

#...................###.#
#....#..........# ....#
#####............# #..##.
##................###.†...
#..#.#++#.#............#
#....# #..........#####
#..### ###........# ∆
######..'.#∆∆#)Z........#
#....#.††.#∆∆#@'.#......#
#.......########.#......#
#....#....#.†#...#......#
#.......#.#''#.#.#......#
#....##..........#......#
#....#######............#
#....# ##############
######


You could see a water moccasin skeleton.

Vanquished Creatures
  A worm (D:2)
  2 orcs (D:3)
  7 bats
  7 endoplasms
  2 giant cockroaches
  6 hobgoblins
  5 kobolds
  2 quokkas
  4 ball pythons
  6 frilled lizards
  8 goblins
  2 rats (D:2)
52 creatures vanquished.

Vanquished Creatures (others)
  9 plants (D:2)
9 creatures vanquished.

Grand Total: 61 creatures vanquished

Notes
Turn   | Place    | Note
-------+----------+-------------------------------------------
     0 | D:1      | DearestLeader the Gnoll Necromancer began the quest for the
                  | Orb.
     0 | D:1      | Reached XP level 1. HP: 13/13 MP: 6/6
   192 | D:1      | Found a faded altar of an unknown god.
   195 | D:1      | Reached XP level 2. HP: 19/19 MP: 7/7
   270 | D:1      | Learned a level 1 spell: Animate Skeleton
   434 | D:1      | Reached XP level 3. HP: 14/25 MP: 3/9
   435 | D:1      | Reached skill level 5 in Spellcasting
   830 | D:1      | You fall into a shaft and drop 1 floor!
   878 | D:2      | Noticed a phantom
   923 | D:3      | Found a shadowy altar of Dithmenos.
   950 | D:3      | Reached skill level 1 in Invocations
  1106 | D:3      | Noticed Natasha
  1126 | D:2      | Reached skill level 1 in Fighting
  1126 | D:2      | Reached skill level 1 in Short Blades
  1126 | D:2      | Reached skill level 1 in Long Blades
  1126 | D:2      | Reached skill level 1 in Axes
  1126 | D:2      | Reached skill level 1 in Maces & Flails
  1126 | D:2      | Reached skill level 1 in Polearms
  1126 | D:2      | Reached skill level 1 in Staves
  1126 | D:2      | Reached skill level 1 in Slings
  1126 | D:2      | Reached skill level 1 in Bows
  1126 | D:2      | Reached skill level 1 in Crossbows
  1126 | D:2      | Reached skill level 1 in Throwing
  1126 | D:2      | Reached skill level 1 in Armour
  1126 | D:2      | Reached skill level 1 in Shields
  1126 | D:2      | Reached skill level 1 in Unarmed Combat
  1126 | D:2      | Reached skill level 1 in Evocations
  1491 | D:2      | Reached XP level 4. HP: 28/32 MP: 7/11
  1838 | D:2      | Slain by a water moccasin skeleton

Illustrated notes

Levels and vault maps discovered:
D:1:      lemuel_arrival_lava_pool, layout_rooms,
          hellmonk_ecumenical_altar_run_dry
D:2:      layout_rooms, serial_bayou_ford_a, hex_intersection, minmay_mini_jars
D:3:      layout_basic, tso_metal_star, mainiacjoe_overflow_paths, uniq_grinder,
          uniq_natasha

Skill      XL: |  1  2  3 |
---------------+----------+-----
Spellcasting   | 5 |  5.0
Invocations    | 1 |  1.1
Fighting       | 1 |  1.0
Short Blades   | 1 |  1.0
Long Blades    | 1 |  1.0
Axes           | 1 |  1.0
Maces & Flails | 1 |  1.0
Polearms       | 1 |  1.0
Staves         | 1 |  1.0
Slings         | 1 |  1.0
Bows           | 1 |  1.0
Crossbows      | 1 |  1.0
Throwing       | 1 |  1.0
Armour         | 1 |  1.0
Shields        | 1 |  1.0
Unarmed Combat | 1 |  1.0
Evocations     | 1 |  1.0
Dodging        | |  4.6
Stealth        | |  4.2
Conjurations   | |  0.8
Hexes          | |  0.8
Summonings     | |  0.8
Necromancy     | |  7.1
Translocations | |  0.8
Transmutations | |  0.8
Fire Magic     | |  0.8
Ice Magic      | |  0.8
Air Magic      | |  0.8
Earth Magic    | |  0.8
Poison Magic   | |  0.8

Action                   |  1- 3 |  4- 6 || total
-------------------------+-------+-------++-------
Melee: Dagger            |    15 |    29 ||    44
       Bite              |     1 |     1 ||     2
 Fire: Hunting sling     |    31 |       ||    31
 Cast: Pain              |    33 |       ||    33
  Use: Scroll            |     1 |       ||     1
 Stab: Sleeping          |     1 |       ||     1
Armor: Robe              |     3 |     2 ||     5
Dodge: Dodged            |    14 |    19 ||    33
